 Dungeon Crawl Stone Soup version 0.19-a0-1007-g133f65f (webtiles) character file.

331 epen the Insei (level 6, -6/48 HPs)
             Began as a Draconian Transmuter on July 20, 2016.
             Killed from afar by Natasha (10 damage)
             ... with a magic dart
             ... on level 3 of the Dungeon.
             The game lasted 00:03:28 (2037 turns).

epen the Insei (Draconian Transmuter)               Turns: 2037, Time: 00:03:29

Health: -6/48      AC:  2    Str: 12    XL:     6   Next: 26%
Magic:  5/11       EV: 21    Int: 15    God:
Gold:   121        SH:  0    Dex: 17    Spells: 3 memorised, 5 levels left

rFire  . . .     SeeInvis .       - Unarmed
rCold  . . .     Gourm    .     (armour unavailable)
rNeg   . . .     Faith    .     (shield currently unavailable)
rPois  x         Spirit   .     (helmet currently unavailable)
rElec  .         Dismiss  .     (cloak currently unavailable)
rCorr  .         Reflect  .     (gloves currently unavailable)
SustAt .         Harm     .     (boots currently unavailable)
MR     .....                    (no amulet)
Stlth  ++........               (no ring)
                                (no ring)

@: spider-form, not resistant to hostile enchantments, unstealthy
A: unfitting armour, (cold-blooded), AC +6
a: End Transformation


You were on level 3 of the Dungeon.
You were not hungry.
You were a venomous arachnid creature.
You visited 1 branch of the dungeon, and saw 3 of its levels.

You collected 121 gold pieces.

Inventory:

Missiles
 a - 71 arrows
Scrolls
 f - a scroll of amnesia {unknown}
 i - 2 scrolls of immolation {unknown}
 j - 2 scrolls of remove curse {unknown}
 m - a scroll of enchant armour {unknown}
 n - 2 scrolls of identify {unknown}
 o - a scroll of teleportation {unknown}
Potions
 d - a potion of flight {unknown}
 e - a potion of curing {unknown}
 g - a potion of magic {unknown}
 l - a potion of haste {unknown}
Books
 b - a book of Changes

   Spells                             Type                      Level
   a - Beastly Appendage              Transmutation                1
   b - Sticks to Snakes               Transmutation                2
   c - Spider Form                    Transmutation/Poison         3
   d - Ice Form                       Ice/Transmutation            4
   e - Blade Hands                    Transmutation                5
Comestibles
 c - 3 bread rations
 h - 2 fruits
 k - a beef jerky
 p - a chunk of flesh


   Skills:
 + Level 2.1 Fighting
 + Level 3.0 Dodging
 + Level 4.0 Unarmed Combat
 * Level 3.4 Spellcasting
 * Level 3.9 Transmutations


You had 5 spell levels left.
You knew the following spells:

 Your Spells              Type           Power        Failure   Level  Hunger
a - Beastly Appendage     Tmut           ##....       14%         1    None
b - Sticks to Snakes      Tmut           ##......     21%         2    ##.....
c - Spider Form           Tmut/Pois      #.........   52%         3    ###....


Dungeon Overview and Level Annotations

Branches:
Dungeon (3/15)

Altars:

Annotations:
D:3 Natasha


Innate Abilities, Weirdness & Mutations

((Your plain brown scales are hard. (AC +6)))
Your body does not fit into most forms of armour.
((You are cold-blooded and may be slowed by cold attacks.))


Message History

Unknown command.
Your transformation has ended.
The white imp summons a swarm of flies.
Natasha stares at you and mumbles some strange words.
The magic dart hits you!
* * * LOW HITPOINT WARNING * * *
Casting: Spider Form
Confirm with . or Enter, or press ? or * to list all spells.
You turn into a venomous arachnid creature.
Natasha closely misses you.
You hit Natasha but do no damage.
Natasha is poisoned.
Natasha completely misses you.
You completely miss Natasha. Natasha closely misses you.
You bite Natasha!
Natasha is heavily wounded.
You barely miss Natasha.
Natasha is severely wounded.
Natasha casts a spell at you. The magic dart hits you!
You die...

#.# #..†.#
#.# #.##.#
#.###.##.#
#........#
#####.####
#.# #.#
#########.#
.....5hs..#
.##########


You could see Natasha and a white imp.

Vanquished Creatures
  Grinder (D:3)
  Jessica (D:3)
  Natasha (twice) (D:3)
  An adder (D:3)
  A worm (D:3)
  2 dart slugs (D:1)
  3 giant geckos
  A giant cockroach (D:2)
  6 goblins
  4 hobgoblins (D:2)
  6 kobolds
  A quokka (D:3)
  2 ball pythons (D:1)
  7 bats
  3 giant newts
  5 rats
46 creatures vanquished.

Notes
Turn   | Place    | Note
-------+----------+-------------------------------------------
     0 | D:1      | epen the Draconian Transmuter began the quest for the Orb.
     0 | D:1      | Reached XP level 1. HP: 16/16 MP: 3/3
   281 | D:1      | Reached XP level 2. HP: 17/23 MP: 5/5
  1184 | D:2      | Learned a level 2 spell: Sticks to Snakes
  1266 | D:2      | Reached XP level 3. HP: 24/28 MP: 4/6
  1577 | D:2      | Learned a level 3 spell: Spider Form
  1582 | D:3      | Noticed Natasha
  1593 | D:3      | Killed Natasha
  1593 | D:3      | Reached XP level 4. HP: 25/35 MP: 0/7
  1850 | D:3      | Noticed Natasha
  1857 | D:3      | Killed Natasha
  1924 | D:3      | Noticed Jessica
  1935 | D:3      | Killed Jessica
  2000 | D:3      | Reached XP level 5. HP: 40/40 MP: 9/9
  2015 | D:3      | Noticed Grinder
  2021 | D:3      | Noticed Natasha
  2031 | D:3      | Killed Grinder
  2031 | D:3      | Reached skill level 4 in Unarmed Combat
  2031 | D:3      | Reached XP level 6. HP: 9/48 MP: 7/11
  2037 | D:3      | Killed from afar by Natasha

Vault maps used:
D:1:      lemuel_arrival_behind_the_door_large
D:2:      first_bread
D:3:      uniq_iyjb, uniq_grinder, uniq_terence, uniq_jessica, uniq_natasha

Skill      XL: |  1  2  3  4  5 |
---------------+----------------+-----
Dodging        | 2 3 |  3.0
Transmutations | 3 |  3.9
Fighting       | 2 |  2.1
Unarmed Combat | 4 |  4.0
Spellcasting   | 3 |  3.4

Action                   |  1- 3 |  4- 6 || total
-------------------------+-------+-------++-------
Melee: Unarmed           |   129 |    43 ||   172
       Tailslap          |     7 |     5 ||    12
       Punch             |     2 |     1 ||     3
       Kick              |     1 |       ||     1
 Cast: Beastly Appendage |     1 |       ||     1
       Spider Form       |     1 |     3 ||     4
  Eat: Chunk             |     2 |     2 ||     4
Armor: Skin              |    37 |     5 ||    42
Dodge: Dodged            |    84 |    22 ||   106
